Map: Paisaje nocturno EE

Players

MarchyDQ

  • Race: Protoss Protoss
  • Spawn Location: 1:00

DirtyHarry

  • Race: Protoss Protoss
  • Spawn Location: 1:00

MrFercho

  • Race: Zerg Zerg
  • League: Gold
  • Spawn Location: 7:00

tigro

  • Race: Terran Terran
  • League: Bronze
  • Spawn Location: 7:00

VOD

Have the link to the VOD?

Description

Time

  • Played on: Aug. 9, 2020, 7:36 p.m.
  • Length: 8:39
Show
View Real Time Build Order
Export as new Build Order

MarchyDQ Protoss 

Build Orders: Cannon Rush 

Get SALT Encoding   

  12  0:01  Probe  
  13  0:15  Pylon  
  13  0:19  Probe (Chrono Boost)  
  15  0:28  Probe (Chrono Boost)  
  15  0:39  Forge  
  15  0:40  Probe  
  16  0:53  Pylon  
  16  0:58  Pylon  
  16  1:01  Probe  
  17  1:14  Photon Cannon  
  17  1:25  Photon Cannon  
  17  1:27  Probe  
  18  1:33  Pylon  
  18  1:44  Pylon  
  18  1:56  Photon Cannon  
  18  2:02  Photon Cannon  
  18  2:09  Probe  
  19  2:21  Photon Cannon, Probe  
  20  2:33  Photon Cannon, Probe  
  21  2:46  Probe  
  21  2:47  Photon Cannon  
  22  2:52  Gateway  
  22  2:58  Probe  
  23  3:07  Pylon  
  23  3:10  Probe  
  24  3:14  Pylon  
  24  3:21  Pylon  
  24  3:22  Probe  
  25  3:28  Photon Cannon  
  25  3:38  Probe (Chrono Boost)  
  26  3:46  Assimilator, Probe (Chrono Boost)  
  26  3:47  Pylon  
  26  3:48  Assimilator  
  27  3:52  Probe  
  27  3:53  Zealot (Chrono Boost)  
  30  4:11  Pylon  
  30  4:14  Pylon  
  30  4:17  Zealot  
  32  4:35  Photon Cannon  
  32  4:38  Photon Cannon  
  32  4:44  Probe, Zealot  
  35  4:49  Cybernetics Core  
  35  4:54  Gateway  
  35  4:56  Gateway  
  35  5:32  Stalker  
  36  5:40  Warp Gate (Chrono Boost)  
  36  5:48  Stargate  
  36  5:56  Robotics Facility  
  36  5:59  Pylon  
  36  6:01  Pylon  
  36  6:02  Stalker  
  38  6:12  Nexus  
  32  6:44  Observer  
  32  6:46  Void Ray  
  37  6:58  Pylon  
  37  7:01  Pylon  
  37  7:03  Warp Prism (Chrono Boost)  
  37  7:04  Pylon  
  37  7:06  Assimilator  
  39  7:08  Assimilator  
  39  7:25  Gateway  
  39  7:28  Gateway  
  39  7:32  Probe  
  39  7:34  Probe  
  39  8:03  Stalker x2  
  39  8:04  Stalker  
  39  8:27  Zealot x3  
Show
View Real Time Build Order
Export as new Build Order

DirtyHarry Protoss 

Build Orders: Cannon Rush 

Get SALT Encoding   

  12  0:11  Pylon  
  12  0:19  Probe (Chrono Boost)  
  13  0:32  Forge  
  13  0:35  Probe  
  14  0:54  Pylon  
  14  1:14  Photon Cannon  
  14  1:15  Photon Cannon  
  14  1:25  Pylon  
  14  1:45  Photon Cannon  
  14  1:50  Photon Cannon  
  14  2:03  Pylon  
  14  2:14  Photon Cannon  
  14  2:25  Photon Cannon  
  14  2:40  Photon Cannon  
  14  3:20  Pylon  
  14  3:26  Pylon  
  14  3:34  Pylon  
  14  3:40  Photon Cannon  
  14  3:42  Photon Cannon  
  14  4:12  Pylon  
  14  4:15  Pylon  
  14  4:41  Photon Cannon  
  14  4:44  Photon Cannon  
  14  4:48  Pylon  
  14  4:51  Pylon  
  14  4:57  Pylon  
  14  5:04  Photon Cannon  
  14  5:09  Photon Cannon  
  14  5:15  Photon Cannon  
  14  5:30  Photon Cannon  
  14  5:45  Photon Cannon  
  14  6:19  Pylon  
  14  6:34  Pylon  
  14  6:40  Photon Cannon  
  14  6:59  Photon Cannon  
  14  7:06  Photon Cannon  
  14  7:32  Pylon  
  14  7:46  Photon Cannon  
  14  8:03  Pylon  
  14  8:35  Photon Cannon  
Show
View Real Time Build Order
Export as new Build Order

MrFercho Zerg 

Build Orders: Hatch First 

Get SALT Encoding   

  12  0:01  Drone  
  13  0:13  Overlord  
  13  0:19  Drone  
  14  0:32  Drone x2  
  16  0:53  Hatchery, Drone  
  16  0:55  Drone  
  17  1:03  Drone  
  18  1:08  Drone  
  19  1:24  Spawning Pool  
  19  1:25  Extractor  
  17  2:17  Roach Warren, Drone  
  17  2:18  Drone x2  
  19  2:43  Drone  
  19  2:44  Evolution Chamber  
  19  2:46  Extractor, Drone  
  19  2:48  Queen  
  21  3:01  Roach x3  
  27  3:10  Zerg Missile Weapons Level 1  
  27  3:16  Spine Crawler  
  26  3:22  Roach  
  26  3:24  Overlord x2  
  28  4:07  Ravager  
  28  4:08  Ravager  
  31  4:30  Queen  
  30  4:53  Ravager  
  30  4:57  Roach x2  
  35  5:49  Ravager  
  36  6:15  Roach x2  
  25  7:50  Roach Warren  
  15  8:32  Ravager x2  
Show
View Real Time Build Order
Export as new Build Order

tigro Terran 

Build Orders:  

Get SALT Encoding   

  12  0:17  SCV  
  13  0:26  Supply Depot  
  13  0:29  SCV  
  14  0:41  SCV  
  15  0:51  Barracks  
  15  0:53  SCV  
  16  1:05  SCV  
  17  1:12  Supply Depot  
  17  1:28  SCV  
  18  1:40  SCV  
  19  1:52  SCV  
  16  1:58  Marine  
  17  2:04  Refinery  
  17  2:16  Marine  
  17  2:34  Marine  
  17  2:51  Marine  
  7  3:26  Refinery  
  7  3:38  Barracks  
  7  3:45  SCV, Refinery  
  8  3:57  SCV  
  10  4:10  SCV  
  10  4:22  SCV  
  11  4:34  SCV  
  12  4:46  SCV  
  12  4:48  Factory  
  13  4:58  SCV  
  13  5:10  SCV  
  14  5:21  Supply Depot  
  14  5:22  SCV  
  15  5:42  SCV  
  16  5:43  Supply Depot  
  16  5:46  Factory Tech Lab  
  16  5:54  SCV  
  17  6:10  Barracks  
  20  6:18  Siege Tank  
  20  6:50  Siege Tank  
  23  7:06  Barracks Tech Lab  
  23  7:28  Barracks  
  23  7:42  Marine  
  24  7:44  Orbital Command  
  24  7:59  Marine  
  25  8:17  Marine  
Tags
 
Add a new tag
Caveats
  • Supply blocks, unpowered buildings, or Contaminate may cause inaccurate times.
  • Supply counts are checked every 10 seconds.